Workbook
Name CNAE: 'CNAES DECRETO'!$A$3:$A$16
Name CNAE1: 'CNAES DECRETO'!$A$3:$A$16
Name CNAECADENAVALOR: 'CNAES DECRETO'!$C$3:$C$237
Name CNAESECTOR: 'CNAES DECRETO'!$A$3:$A$16

Sheet HOJA 1 - DATOS MOD. 347
A6: RAZÓN SOCIAL
A7: Nº DE IDENTIFICACIÓN FISCAL (NIF/DNI)
A8: CÓDIGO EXPEDIENTE
A10: SUMATORIO TOTAL DE OPERACIONES MODELO 347 CON CLAVE B - EJERCICIO 2019
A12: RELACIÓN DE DECLARADOS DEL MODELO 347 CON CLAVE DE OPERACIÓN B - EJERCICIO 2019 -QUE PERTENECEN AL SECTOR | E12: % RESPECTO AL TOTAL DE OPERACIONES CON CLAVE B
A13: NIF DECLARADO | B13: DENOMINACIÓN DEL DECLARADO | C13: CNAE DEL DECLARADO | D13: IMPORTE ANUAL DE LAS OPERACIONES EJERCICIO 2019
C14: C2920 Fabricación de carrocerías para vehículos de motor; fabricación de remolques y semirremolques | D14: 1 | E14: =IFERROR(D14/$D$10, "sumatorio total operaciones sin valor") -> sumatorio total operaciones sin valor
C15: C2931 Fabricación de equipos eléctricos y electrónicos para vehículos de motor | D15: 1 | E15: =IFERROR(D15/$D$10, "sumatorio total operaciones sin valor") -> sumatorio total operaciones sin valor
C16: C3020 Fabricación de locomotoras y material ferroviario | D16: 1 | E16: =IFERROR(D16/$D$10, "sumatorio total operaciones sin valor") -> sumatorio total operaciones sin valor
C17: C2931 Fabricación de equipos eléctricos y electrónicos para vehículos de motor | D17: 1 | E17: =IFERROR(D17/$D$10, "sumatorio total operaciones sin valor") -> sumatorio total operaciones sin valor
C18: C2931 Fabricación de equipos eléctricos y electrónicos para vehículos de motor | D18: 1 | E18: =IFERROR(D18/$D$10, "sumatorio total operaciones sin valor") -> sumatorio total operaciones sin valor
E19: =IFERROR(D19/$D$10, "sumatorio total operaciones sin valor") -> sumatorio total operaciones sin valor
E20: =IFERROR(D20/$D$10, "sumatorio total operaciones sin valor") -> sumatorio total operaciones sin valor
E21: =IFERROR(D21/$D$10, "sumatorio total operaciones sin valor") -> sumatorio total operaciones sin valor
E22: =IFERROR(D22/$D$10, "sumatorio total operaciones sin valor") -> sumatorio total operaciones sin valor
A23: TOTAL DEL MODELO 347 CON CLAVE DE OPERACIÓN B - EJERCICIO 2019 - QUE PERTENECEN AL SECTOR | D23: =SUM(D14:D22) -> 5 | E23: =IFERROR(D23/$D$10, "sumatorio total operaciones sin valor") -> sumatorio total operaciones sin valor
A25: SUMATORIO TOTAL DE OPERACIONES MODELO 347 CON CLAVE B - EJERCICIO 2020
A27: RELACIÓN DE DECLARADOS DEL MODELO 347 CON CLAVE DE OPERACIÓN B - EJERCICIO 2020 -QUE PERTENECEN AL SECTOR | E27: % RESPECTO AL TOTAL DE OPERACIONES CON CLAVE B
A28: NIF DECLARADO | B28: DENOMINACIÓN DEL DECLARADO | C28: CNAE DEL DECLARADO | D28: IMPORTE ANUAL DE LAS OPERACIONES EJERCICIO 2020
C29: C2931 Fabricación de equipos eléctricos y electrónicos para vehículos de motor | D29: 1 | E29: =IFERROR(D29/$D$25,"sumatorio total operaciones sin valor") -> sumatorio total operaciones sin valor
C30: C3092 Fabricación de bicicletas y de vehículos para personas con discapacidad | D30: 1 | E30: =IFERROR(D30/$D$25,"sumatorio total operaciones sin valor") -> sumatorio total operaciones sin valor
C31: C3315 Reparación y mantenimiento naval | D31: 1 | E31: =IFERROR(D31/$D$25,"sumatorio total operaciones sin valor") -> sumatorio total operaciones sin valor
C32: C3012 Construcción de embarcaciones de recreo y deporte | D32: 1 | E32: =IFERROR(D32/$D$25,"sumatorio total operaciones sin valor") -> sumatorio total operaciones sin valor
E33: =IFERROR(D33/$D$25,"sumatorio total operaciones sin valor") -> sumatorio total operaciones sin valor
E34: =IFERROR(D34/$D$25,"sumatorio total operaciones sin valor") -> sumatorio total operaciones sin valor
E35: =IFERROR(D35/$D$25,"sumatorio total operaciones sin valor") -> sumatorio total operaciones sin valor
E36: =IFERROR(D36/$D$25,"sumatorio total operaciones sin valor") -> sumatorio total operaciones sin valor
E37: =IFERROR(D37/$D$25,"sumatorio total operaciones sin valor") -> sumatorio total operaciones sin valor
E38: =IFERROR(D38/$D$25,"sumatorio total operaciones sin valor") -> sumatorio total operaciones sin valor
E39: =IFERROR(D39/$D$25,"sumatorio total operaciones sin valor") -> sumatorio total operaciones sin valor
E40: =IFERROR(D40/$D$25,"sumatorio total operaciones sin valor") -> sumatorio total operaciones sin valor
E41: =IFERROR(D41/$D$25,"sumatorio total operaciones sin valor") -> sumatorio total operaciones sin valor
E42: =IFERROR(D42/$D$25,"sumatorio total operaciones sin valor") -> sumatorio total operaciones sin valor
E43: =IFERROR(D43/$D$25,"sumatorio total operaciones sin valor") -> sumatorio total operaciones sin valor
A44: TOTAL DEL MODELO 347 CON CLAVE DE OPERACIÓN B - EJERCICIO 2020 - QUE PERTENECEN AL SECTOR | D44: =SUM(D29:D43) -> 4 | E44: =IFERROR(D44/$D$25,"sumatorio total operaciones sin valor") -> sumatorio total operaciones sin valor

Sheet HOJA 2 - DATOS DE REFERENCIA
A2: RAZÓN SOCIAL
A3: NÚNERO DE IDENTIFICACIÓN FISCAL (NIF/DNI)
A4: CÓDIGO EXPEDIENTE
A6: Actividad (CNAE) | B6: Empresa pyme perteneciente al sector (Listado de CNAE adjunto DL 13/2021)
B7: Empresa pyme de la cadena de valor del Sector (artículo 5.1.b.ii) DL 13/2021)
A9: (MODELO 200) - Caída de la cifra de negocio en el ejercicio 2020 | B9: Importe Neto de la cifra de negocios en el ejercicio 2019 según modelo 200 del "Impuesto de Sociedades" (CASILLA 00255) | C9: 1
B10: Importe Neto de la cifra de negocios en el ejercicio 2020 según modelo 200 del "Impuesto de Sociedades" (CASILLA 00255) | C10: 1
B11: Caída neta de la cifra de negocios en el ejercicio 2020 respecto al 2019 | C11: =IFERROR(IF((-1)*(C10-C9)/C9>=0.15,(-1)*((C10-C9)/C9),"La caída de ventas es menor al 15% o no hay caída de ventas"),"Importe neto de la cifra negocios en 2019 sin valor") -> La caída de ventas es menor al 15% o no hay caída de ventas
A13: (MODELO 347) - Ventas en las cadenas de valor de los sectores elegibles - EJERCICIO 2019 | B13: Casilla "SUMATORIO TOTAL DE OPERACIONES MODELO 347 CON CLAVE B - EJERCICIO 2019" de la HOJA 1 | C13: 1
B14: Casilla "TOTAL DEL MODELO 347 CON CLAVE DE OPERACIÓN B - EJERCICIO 2019 -QUE PERTENECEN AL SECTOR" de la HOJA 1 | C14: 1
B15: Casilla con mayor importe de las relacionadas en la columna "IMPORTE ANUAL DE LAS OPERACIONES- EJERCICIO 2019" de la Hoja 1 | C15: 1
B17: Art. 5.1 ii) a). Porcentaje de negocio dedicado al conjunto de clientes de las cadenas de valor de los sectores elegibles en el ejercicio 2019 | C17: =IFERROR(C14/C13, "alguna casilla anterior sin valor") -> 1
B18: Art. 5.1.ii) b). Porcentaje de negocio dedicado al mayor cliente de las cadenas de valor de los sectores elegibles en el ejercicio 2019 | C18: =IFERROR(C15/C13,"alguna casilla anterior sin valor") -> 1
A20: (MODELO 347) - Ventas en las cadenas de valor de los sectores elegibles - EJERCICIO 2020 | B20: Casilla "SUMATORIO TOTAL DE OPERACIONES MODELO 347 CON CLAVE B - EJERCICIO 2020" de la HOJA 1 | C20: 1
B21: Casilla "TOTAL DEL MODELO 347 CON CLAVE DE OPERACIÓN B - EJERCICIO 2020 -QUE PERTENECEN AL SECTOR" de la HOJA 1 | C21: 1
B22: Casilla con mayor importe de las relacionadas en la columna "IMPORTE ANUAL DE LAS OPERACIONES- EJERCICIO 2020" de la Hoja 1 | C22: 1
B24: Art. 5.1 ii) a). Porcentaje de negocio dedicado al conjunto de clientes de las cadenas de valor de los sectores elegibles en el ejercicio 2020 | C24: =IFERROR(C21/C20,"alguna casilla anterior sin valor") -> 1
B25: Art. 5.1.ii) b). Porcentaje de negocio dedicado al mayor cliente de las cadenas de valor de los sectores elegibles en el ejercicio 2020 | C25: =IFERROR(C22/C20,"alguna casilla anterior sin valor") -> 1
A27: Artículo 7.2. Número de trabajadores ubicados en Andalucía en 2019 | B27: Nº de trabajadores en centros de trabajo ubicados en Andalucia según informe de Vida Laboral en el ejercicio 2019 (VILE 2019) | C27: 1
B28: Nº de trabajadores en el ejercicio 2019 según Informe de plantilla media desde el 1 de Enero al 31 de Diciembre de 2019 | C28: 1
B29: Ratio (Nº trabajadores en Andalucía) | C29: =IFERROR(C27/C28,"Nº total trabajadores en 2019 sin valor o cero") -> 1
A31: (MODELO 200) - Artículo 7.4 Capital Circulante | B31: Importe del Activo Corriente en el ejercicio 2019 según Modelo 200 (CASILLA 00136) | C31: 1
B32: Importe del Pasivo Corriente en el ejercicio 2019 según Modelo 200 (CASILLA 00228) | C32: 1
B33: Total Capital Circulante en el ejercicio 2019 | C33: =IFERROR(C31-C32,"Valor no válido en Activo/Pasivo corriente") -> 0
A35: Artículo 8.3. Concurrencia con otras ayudas recibidas para la misma finalidad | B35: Importe de las ayudas obtenidas para capital circulante provenientes de otras administraciones públicas:Subvención, Importe del nominal del préstamo o cantidad avalada. | C35: 1
A37: Artículo 7.1. Empresa participada mayoritariamente por mujer | B37: Empresa participadas mayoritariamente por mujeres (el capital social de la empresa estará poseído en más de un 50% por mujeres o por empresas que a su vez estén participadas mayoritariamente por mujeres). | C37: SI

Sheet HOJA 3 - ELEGIBILIDAD Y AYUDA
A5: RAZÓN SOCIAL | B5: =+'HOJA 2 - DATOS DE REFERENCIA'!B2:C2
A6: NÚNERO DE IDENTIFICACIÓN FISCAL (NIF/DNI) | C6: =+'HOJA 2 - DATOS DE REFERENCIA'!C3
A7: CÓDIGO EXPEDIENTE | C7: =+'HOJA 2 - DATOS DE REFERENCIA'!C4
A10: Artículo 5. Personas beneficiarias | B10: 5.1.a) Pequeña o mediana empresa | D10: SI
B11: 5.1.b) i) Elegible por ser empresa pyme del Sector | D11: =IF(ISBLANK('HOJA 2 - DATOS DE REFERENCIA'!C6),"NO","SI") -> NO | E11: >=10;<250
B12: 5.1.b) ii) Elegible por ser empresa pyme de la cadena de valor del Sector
B13: a. Factura a un conjunto de empresas del sector al menos el 30% del total declarado en el modelo 347 de la Agencia tributaria «Declaración Anual de operaciones con terceras personas» del ejercicio 2019 o 2020 | D13: =IF(OR(F13="SI",G13="SI"),"SI","NO") -> SI | F13: =IF(OR('HOJA 2 - DATOS DE REFERENCIA'!C17<0.3,'HOJA 2 - DATOS DE REFERENCIA'!C17="alguna casilla anterior sin valor"),"NO","SI") -> SI | G13: =IF(OR('HOJA 2 - DATOS DE REFERENCIA'!C24<0.3,'HOJA 2 - DATOS DE REFERENCIA'!C24="alguna casilla anterior sin valor"),"NO","SI") -> SI
B14: b. Factura a una sola empresa del sector al menos, el 20% del total declarado en el modelo 347 de la Agencia tributaria «Declaración Anual de operaciones con terceras personas» del ejercicio 2019 o 2020 | D14: =IF(OR(F14="SI",G14="SI"),"SI","NO") -> SI | F14: =IF(OR('HOJA 2 - DATOS DE REFERENCIA'!C18<0.2,'HOJA 2 - DATOS DE REFERENCIA'!C18="alguna casilla anterior sin valor"),"NO","SI") -> SI | G14: =IF(OR('HOJA 2 - DATOS DE REFERENCIA'!C25<0.2,'HOJA 2 - DATOS DE REFERENCIA'!C25="alguna casilla anterior sin valor"),"NO","SI") -> SI
B15: 5.1.c) Caida de la cifra de negocios en el ejercicio 2020 respecto al 2019 igual o superior al 15%. | D15: =IF('HOJA 2 - DATOS DE REFERENCIA'!C11="La caida de ventas es menor al 15% o no hay caida de ventas","NO","SI") -> SI
A17: ELEGIBLE SEGÚN APARTADOS 1.a), 1.b) Y 1.c) DEL ARTÍCULO 5 | D17: =IF(AND(D10="SI",D15="SI",OR(D11="SI",D13="SI",D14="SI")),"SI","NO") -> SI
A19: Artículo 7. Cuantía de la subvención | B19: Cálculo de la cuantía de la subvención según artículo 7,1 y 7,2 | D19: =IFERROR(IF('HOJA 2 - DATOS DE REFERENCIA'!C11="La caída de ventas es menor al 15% o no hay caída de ventas",0,IF('HOJA 2 - DATOS DE REFERENCIA'!C37="SI",0.55*'HOJA 2 - DATOS DE REFERENCIA'!C9*'HOJA 2 - DATOS DE REFERENCIA'!C11*'HOJA 2 - DATOS DE REFERENCIA'!C29,0.5*'HOJA 2 - DATOS DE REFERENCIA'!C9*'HOJA 2 - DATOS DE REFERENCIA'!C11*'HOJA 2 - DATOS DE REFERENCIA'!C29)),"Sin valores válidos") -> 0
B20: Limitaciones relacionadas con el artículo 7.3 Decreto-Ley (Capital circulante) | D20: =IFERROR(IF(E20<0,0,E20),"Sin valores válidos / concurrencia") -> 0 | E20: =IFERROR(IF(D19<'HOJA 2 - DATOS DE REFERENCIA'!C33-'HOJA 2 - DATOS DE REFERENCIA'!C35,D19,'HOJA 2 - DATOS DE REFERENCIA'!C33-'HOJA 2 - DATOS DE REFERENCIA'!C35),"Sin valores válidos / concurrencia") -> -1
B21: Limitaciones relcionadas con el artículo 7.3 Decreto-Ley (300.000 euros) | D21: =IFERROR(IF(D19<300000,D19,300000),"Sin valores válidos") -> 0
B22: IMPORTE AYUDA SOLICITADA | D22: =IFERROR(IF(MIN(D20:D21)<0,0,MIN(D20:D21)),"Sin valores válidos") -> 0 | E22: 0.25
A25: OBSERVACIONES:

Sheet HOJA 4 - GASTO SUBVENCIONABLE
A6: RAZÓN SOCIAL | B6: ='HOJA 2 - DATOS DE REFERENCIA'!B2:C2
A7: Nº DE IDENTIFICACIÓN FISCAL (NIF/DNI) | D7: ='HOJA 2 - DATOS DE REFERENCIA'!C3
A8: CÓDIGO EXPEDIENTE | D8: ='HOJA 2 - DATOS DE REFERENCIA'!C4
A10: LISTADO DE GASTOS A SUBVENCIONAR NO PAGADOS A (30/06/2021)
A12: NOTA INFORMATIVA: Este listado de facturas subvencionables es de carácter orientativo, correspondiente a los gastos devengados y no pagados a fecha 30.06.2021 relativos a gastos de las cuentas del grupo 60, 62 y 64 de acuerdo con lo establecido en el artículo 22.4 del decreto ley 13/2021, de 6 de julio. Una vez abonada la ayuda tendrá que justificarse el empleo de los fondos mediante la aportación de dicha documentación y la justificación del pago de la misma. ADVERTENCIA: Una justificación por debajo del importe abonado supondrá un reintegro de la parte proporcional de la ayuda abonada de acuerdo con el artículo 24 del citado Decreto-ley
A15: Nº/CÓDIGO | B15: FECHA | C15: DENOMINACIÓN DEL GASTO / ACREEDOR | D15: IMPORTE SIN IVA
A29: Total | D29: =SUM(D16:D28) -> 0

Sheet CNAES DECRETO
A1: CNAE DEL SECTOR | C1: CNAE CADENA DE VALOR DEL SECTOR | F1: SI/NO
A3: C2910 Fabricación de vehículos de motor | C3: C1011.- Procesado y conservación de carne | F3: SI
A4: C2920 Fabricación de carrocerías para vehículos de motor; fabricación de remolques y semirremolques | C4: C1012.- Procesado y conservación de volatería | F4: NO
A5: C2931 Fabricación de equipos eléctricos y electrónicos para vehículos de motor | C5: C1013.- Elaboración de productos cárnicos y de volatería
A6: C2932 Fabricación de otros componentes, piezas y accesorios para vehículos de motor | C6: C1021.- Procesado de pescados, crustáceos y moluscos
A7: C3011 Construcción de barcos y estructuras flotantes | C7: 1022.- Fabricación de conservas de pescado
A8: C3012 Construcción de embarcaciones de recreo y deporte | C8: C1031.- Procesado y conservación de patatas
A9: C3020 Fabricación de locomotoras y material ferroviario | C9: C1032.- Elaboración de zumos de frutas y hortalizas
A10: C3030 Construcción aeronáutica y espacial y su maquinaria | C10: C1039.- Otro procesado y conservación de frutas y hortalizas
A11: C3091 Fabricación de motocicletas | C11: C1042.- Fabricación de margarina y grasas comestibles similares
A12: C3092 Fabricación de bicicletas y de vehículos para personas con discapacidad | C12: C1043.- Fabricación de aceite de oliva
A13: C3099 Fabricación de otro material de transporte n.c.o.p. | C13: C1044.- Fabricación de otros aceites y grasas
A14: C3315 Reparación y mantenimiento naval | C14: C1052.- Elaboración de helados
A15: C3316 Reparación y mantenimiento aeronáutico y espacial | C15: C1053.- Fabricación de quesos
A16: C3317 Reparación y mantenimiento de otro material de transporte | C16: C1054.- Preparación de leche y otros productos lácteos
C17: C1061.- Fabricación de productos de molinería
C18: C1062.- Fabricación de almidones y productos amiláceos
C19: C1071.- Fabricación de pan y de productos frescos de panadería y pastelería
C20: C1072.- Fabricación de galletas y productos de panadería y pastelería de larga duración
C21: C1073.- Fabricación de pastas alimenticias, cuscús y productos similares
C22: C1081.- Fabricación de azúcar
C23: C1082.- Fabricación de cacao, chocolate y productos de confitería
C24: C1083.- Elaboración de café, té e infusiones
C25: C1084.- Elaboración de especias, salsas y condimentos
C26: C1085.- Elaboración de platos y comidas preparados
C27: C1086.- Elaboración de preparados alimenticios homogeneizados y alimentos dietéticos
C28: C1089.- Elaboración de otros productos alimenticios n.c.o.p.
... C237: M7219.- Otra investigación y desarrollo experimental en ciencias naturales y técnicas
